 Dungeon Crawl Stone Soup version 0.31.0-32-g396128a36d (webtiles) character file.

Game seed: 9058923843930608820

25 CaptainMV the Covered (level 2, 0/33 HPs)
             Began as a Demonspawn Wanderer on Apr 17, 2024.
             Was a Follower of Okawaru.
             Constricted to death by a ball python (1 damage)
             ... on level 2 of the Dungeon.
             The game lasted 00:06:33 (876 turns).

CaptainMV the Covered (Demonspawn Wanderer)          Turns: 876, Time: 00:06:33

Health: 0/33       AC: 21    Str: 15    XL:     2   Next: 82%
Magic:  2/2        EV: -1    Int:  9    God:    Okawaru [*.....]
Gold:   61         SH:  0    Dex: 12    Spells: 1/1 levels left

rFire   . . .        a - +3 mace
rCold   . . .        (no shield)
rNeg    . . .        d - melded +0 leather armour
rPois   +            (helmet currently unavailable)
rElec   .            (cloak currently unavailable)
rCorr   .            (gloves currently unavailable)
SInv    .            (boots currently unavailable)
Will    .....        (no amulet)
Stlth   +            (no ring)
HPRegen 0.25/turn    (no ring)
MPRegen 0.08/turn

%: no passive effects
@: lethally poisoned (0 -> -4), tree-form, constricted
A: stationary, stasis, torment immunity, boosted hp, (horns 1)
a: Renounce Religion, Heroism


You were on level 2 of the Dungeon.
You worshipped Okawaru.
Okawaru was aware of your devotion.
You were a tree.
You visited 1 branch of the dungeon, and saw 2 of its levels.

You collected 61 gold pieces.

Inventory:

Hand Weapons
 a - a +3 mace (weapon)
Missiles
 f - 3 boomerangs
 i - 8 poisoned darts
Armour
 d - a +0 leather armour (melded)
Wands
 b - a wand of flame (6) (quivered)
Potions
 c - a potion of lignification
 e - a potion of attraction {unknown}
 g - a potion of degeneration {unknown}
 h - a potion of magic {unknown}


   Skills:
 + Level 2.2 Fighting
 + Level 2.9 Maces & Flails
 + Level 3.3 Armour
 + Level 0.1 Dodging
 + Level 1.2 Invocations
 + Level 1.0 Evocations


You had one spell level left.
You didn't know any spells.
Your spell library was empty.

Dungeon Overview and Level Annotations

Branches:
Dungeon (2/15)

Altars:
Okawaru


Innate Abilities, Weirdness & Mutations

You are a tree.
Your roots penetrate the ground, keeping you stationary.
You cannot be teleported.
You are immune to unholy pain and torment.
Your maximum health is greatly increased.
Your equipment is partially melded.
((You have a pair of small horns on your head.))


Message History

The adder poisons you! The ball python bites you.
The ball python constricts you. The frilled lizard barely misses you.
You turn into a tree.
Your +0 leather armour melds into your body.
Your roots penetrate the ground.
* * * LOW HITPOINT WARNING * * *
You feel very sick. The adder bites you but does no damage.
The ball python bites you.
* * * LOW HITPOINT WARNING * * *
The ball python constricts you.
The frilled lizard bites you but does no damage.
You hit the adder.
The adder is almost dead.
* * * LOW HITPOINT WARNING * * *
You feel very sick. The adder bites you but does no damage.
The ball python bites you but does no damage.
The ball python constricts you.
The frilled lizard bites you but does no damage.
The adder bites you but does no damage.
You barely miss the adder.
The adder is almost dead.
* * * LOW HITPOINT WARNING * * *
You feel very sick.
The ball python bites you but does no damage.
The ball python constricts you. The adder bites you but does no damage.
The frilled lizard bites you but does no damage.
The ball python bites you but does no damage.
The ball python constricts you.
Unknown command.
You hit the frilled lizard.
You kill the frilled lizard!
Okawaru accepts your kill.
* * * LOW HITPOINT WARNING * * *
You feel sick. The adder bites you but does no damage.
The ball python bites you but does no damage.
The ball python constricts you. The adder bites you but does no damage.
The ball python bites you but does no damage.
The ball python constricts you.
You die...

.###.##.##.###
####.#
#.##.##.#
####.#
#....##.#
#.....
#...###.#
#....#
#####.#.# .#
#...##
>.....#.###.###
#...#
###..........
#...#
#...S.....)
#...#
#..♣g......
#.).#
#..?S......
#...#
#..........
#####
#..........
#..........
#..........
###########


You could see an adder, a hobgoblin and a ball python.

Vanquished Creatures
  2 endoplasms
  A giant cockroach (D:1)
  A goblin (D:1)
  3 hobgoblins
  2 quokkas (D:1)
  2 ball pythons (D:1)
  3 bats (D:1)
  2 frilled lizards (D:2)
  4 kobolds (D:1)
  5 rats (D:1)
25 creatures vanquished.

Notes
Turn   | Place    | Note
-------+----------+-------------------------------------------
     0 | D:1      | CaptainMV the Demonspawn Wanderer began the quest for the
                  | Orb.
     0 | D:1      | CaptainMV set off with the following items: a +3 mace, a
                  | wand of flame (6), a potion of lignification, a +0 leather
                  | armour.
     0 | D:1      | Reached XP level 1. HP: 16/16 MP: 1/1
   110 | D:1      | Reached skill level 3 in Armour
   247 | D:1      | Gained mutation: You have a pair of small horns on your
                  | head. [demonic ancestry]
   247 | D:1      | Reached XP level 2. HP: 17/22 MP: 2/2
   260 | D:1      | You fall into a shaft and drop 1 floor!
   681 | D:1      | Found a faded altar of an unknown god.
   699 | D:1      | Prayed at the altar of an unknown god.
   699 | D:1      | Became a worshipper of Warmaster Okawaru
   699 | D:1      | Reached * piety under Okawaru
   875 | D:2      | HP: 1/33 [poisoned by an adder]
   876 | D:2      | Constricted to death by a ball python

Illustrated notes

Levels and vault maps discovered:
D:1:      dpeg_arrival_line_fractal, layout_basic,
          shapermc_ecumenical_altar_ellora, chequers_serial_rivers_room_a,
          minivault_19, minivault_23
D:2:      layout_rooms

Skill      XL: |  1 |
---------------+----+-----
Armour         | 3 |  3.3
Fighting       | |  2.2
Maces & Flails | |  2.9
Dodging        | |  0.1
Invocations    | |  1.2
Evocations     | |  1.0

Action                     || total
---------------------------++-------
  Melee: Mace              ||    57
         Headbutt          ||     2
    Use: Scroll            ||     2
         Potion            ||     1
   Stab: Sleeping          ||     1
 Armour: Leather armour    ||    39
         Skin              ||    15
  Dodge: Dodged            ||    33
